AoeStats
← riskybusiness69

Arabia

510878371Analyzed
1v1 RM · 14h ago on Oct 2, 2026· 58m 25s· 2 players
Game mode
Random Map
Map size
Tiny (2 player)
Population
200
Speed
Normal
Resources
Standard
Victory
Conquest
Starting age
Dark Age
Ending age
Imperial Age
RankedLock teamsTeams togetherTeam positionsShared explorationLock speedFull tech treeHidden civsTurbo modeCheats
Victory
Defeat
🇺🇸 Teutons · United States
501
+22
🇫🇷 Franks · France
442
-13
noterre
9:42 Feudal Age
11:23 Double-Bit Axe
11:14 Man-at-Arms
20:11 Castle Age
20:10 Wheelbarrow
20:15 Crossbowman
21:02 Squires
21:43 Long Swordsman
24:50 Hand Cart
25:22 Husbandry
26:12 Town Watch
26:13 Loom
27:19 Town Patrol
28:17 Scale Barding Armor
28:03 Fletching
30:18 Chain Barding Armor
30:05 Bodkin Arrow
35:20 Imperial Age
33:37 Ordonnance Companies
34:46 Scale Mail Armor
34:56 Forging
35:22 Padded Archer Armor
34:50 Elite Skirmisher
36:05 Chain Mail Armor
38:05 Elite Throwing Axeman
40:20 Cavalier
42:04 Gold Mining
42:58 Gambesons
42:34 Two-Handed Swordsman
43:01 Arson
44:20 Hoardings
43:51 Stone Mining
45:46 Chivalry
46:49 Cranequins
48:27 Heavy Mounted Crossbowman
51:41 Gold Shaft Mining
51:13 Paladin
57:52 Plate Barding Armor
riskybusiness69
6:07 Loom
10:11 Feudal Age
10:48 Double-Bit Axe
14:09 Scale Mail Armor
14:43 Horse Collar
20:55 Castle Age
20:32 Stone Mining
20:59 Elite Skirmisher
21:42 Squires
22:01 Chain Mail Armor
21:44 Gold Mining
22:50 Forging
23:27 Padded Archer Armor
25:02 Heavy Plow
25:02 Loom
25:09 Pikeman
26:49 Wheelbarrow
27:19 Bow Saw
27:28 Fletching
32:58 Leather Archer Armor
33:03 Hand Cart
38:38 Imperial Age
37:46 Bodkin Arrow
39:39 Halberdier
40:53 Ring Archer Armor
39:46 Elite Teutonic Knight
42:34 Plate Mail Armor
41:58 Gambesons
42:01 Arson
43:49 Conscription
Connection lost

Rejoining the realm…

Still unreachable

The connection could not be restored.

Session expired

The server has moved on; the page needs a fresh start.